 Dungeon Crawl Stone Soup version 0.25-a0-246-g58704a1ebd (webtiles) character file.

Game seed: 9659949961567813847, levelgen mode: deterministic

53 floatRand the Chopper (level 3, -5/29 HPs)
             Began as a Demonspawn Monk on Dec 3, 2019.
             Splashed by a jelly's acid (10 damage)
             ... on level 2 of the Dungeon.
             The game lasted 00:01:24 (1686 turns).

floatRand the Chopper (Demonspawn Monk)             Turns: 1686, Time: 00:01:25

Health: -5/29      AC: -1    Str: 12    XL:     3   Next: 62%
Magic:  3/3        EV: 13    Int: 11    God:
Gold:   54         SH:  0    Dex: 15    Spells: 2/2 levels left

rFire    . . .     SeeInvis .   a - +0 hand axe
rCold    . . .     Gourm    .   (no shield)
rNeg     . . .     Faith    .   f - +0 robe {MR+}
rPois    .         Spirit   .   e - +0 helmet
rElec    .         Reflect  .   (no cloak)
rCorr    .         Harm     .   k - +0 pair of gloves
MR       +....                  (no boots)
Stlth    ++........             (no amulet)
HPRegen  0.09/turn              (no ring)
MPRegen  0.08/turn              (no ring)

@: corroded
A: thin metallic scales 1, demonic guardian 1
a: no special abilities


You were on level 2 of the Dungeon.
You were not hungry.

You visited 1 branch of the dungeon, and saw 2 of its levels.

You collected 54 gold pieces.

Inventory:

Hand Weapons
 a - a +0 hand axe (weapon)
Armour
 b - a +0 robe
 e - a +0 helmet (worn)
 f - a +0 robe of magic resistance (worn)
 k - a +0 pair of gloves (worn)
Jewellery
 m - an uncursed amulet of guardian spirit {unknown}
Scrolls
 d - a scroll of remove curse {unknown}
 g - 6 scrolls of identify {unknown}
 i - a scroll of blinking {unknown}
 j - a scroll of magic mapping {unknown}
 l - a scroll of amnesia {unknown}
Comestibles
 c - 2 rations
 h - 4 chunks of flesh


   Skills:
 - Level 3.0 Fighting
 * Level 3.5 Axes
 + Level 1.3 Armour
 + Level 3.1 Dodging
 - Level 1.7 Stealth


You had 2 spell levels left.
You didn't know any spells.
Your spell library was empty.

Dungeon Overview and Level Annotations

Branches:
Dungeon (2/15)

Altars:


Innate Abilities, Weirdness & Mutations

You are partially covered in thin metallic scales. (AC +2)
A weak demonic guardian rushes to your aid.


Message History

The jelly hits you.
You are splashed with acid!
Unknown command.
Your ufetubus barely misses the jelly.
Your ufetubus hits the jelly.
Your ufetubus is burned by acid!
Your ufetubus hits the jelly. The acid corrodes your ufetubus!
Your ufetubus is burned by acid!
Your ufetubus hits the jelly.
Your ufetubus is burned by acid!
Your ufetubus dies!
You hit the jelly. The acid corrodes you!
Your hands burn!
* * * LOW HITPOINT WARNING * * *
The jelly is almost dead.
The jelly barely misses you.
Unknown command.
Unknown command.
Unknown command.
The jelly hits you.
* * * LOW HITPOINT WARNING * * *
The acid corrodes you!
You are splashed with acid!
You die...

#.#.# #.....#
#.#.## #.....#
#.#..# #.....#
#.#..# #.....#
#..<.# #.....#
#.##.# #.....#
#.##.#
#.....#####.##.#
#.......J@..##.#
######.#######.#
#.# #.# #.# #.#
#.# #.# #.# #.#
#.# #.# #######
#.# #.#
###...#######
#.#


You could see a jelly.

Vanquished Creatures
  2 adders (D:2)
  A worm (D:2)
  2 dart slugs (D:1)
  A leopard gecko (D:2)
  3 giant cockroaches
  2 goblins (D:2)
  5 hobgoblins
  3 kobolds
  A quokka (D:2)
  3 bats (D:1)
  3 rats
26 creatures vanquished.

Notes
Turn   | Place    | Note
-------+----------+-------------------------------------------
     0 | D:1      | floatRand the Demonspawn Monk began the quest for the Orb.
     0 | D:1      | Reached XP level 1. HP: 18/18 MP: 1/1
   308 | D:1      | Gained mutation: You are partially covered in thin metallic
                  | scales. (AC +2) [demonic ancestry]
   308 | D:1      | Reached XP level 2. HP: 20/24 MP: 2/2
  1051 | D:2      | Reached skill level 1 in Armour
  1242 | D:2      | Gained mutation: A weak demonic guardian rushes to your
                  | aid. [demonic ancestry]
  1242 | D:2      | Reached XP level 3. HP: 23/29 MP: 3/3
  1686 | D:2      | Splashed by a jelly's acid

Levels and vault maps discovered:
D:1:      dpeg_arrival_arbitrary_c, layout_basic, minmay_liquid_box
D:2:      layout_basic, first_ration, hex_medium, st_stairs_9,
          hangedman_glass_teeth

Skill      XL: |  1  2 |
---------------+-------+-----
Axes           | 3 |  3.5
Armour         | 1 |  1.3
Dodging        | 3 |  3.1
Fighting       | |  3.0
Stealth        | |  1.7

Action                   || total
-------------------------++-------
Melee: Hand axe          ||   118
  Use: Potion            ||     2
 Stab: Sleeping          ||     2
  Eat: Chunk             ||     3
Armor: Robe              ||    23
Dodge: Dodged            ||    93

Table legend:
 A = Non-vault XP
 B = Vault XP
 C = Vault XP percentage of total XP
 D = Non-vault monster count
 E = Vault monster count
 F = Vault count percentage of total count
                 A         B        C        D         E       F
            +---------+---------+-------+---------+---------+-------
      Total |      70 |       6 |   7.9 |      23 |       3 |  11.5
            +---------+---------+-------+---------+---------+-------
        D:1 |      21 |       0 |   0.0 |      10 |       0 |   0.0
        D:2 |      49 |       6 |  10.9 |      13 |       3 |  18.8
            +---------+---------+-------+---------+---------+-------
